 Dungeon Crawl Stone Soup version 0.26.1-11-gd32895ea62 (webtiles) character file.

Game seed: 3868870346250918833

47597 Borgoz the Basher (level 14, -6/138 HPs)
             Began as a Gargoyle Berserker on July 10, 2021.
             Was a High Priest of Trog.
             Mangled by Jorgrun
             ... wielding a +0 vorpal quarterstaff
              (14 damage)
             ... on level 14 of the Dungeon.
             The game lasted 00:22:43 (16336 turns).

Borgoz the Basher (Gargoyle Berserker)             Turns: 16336, Time: 00:22:43

Health: -6/138     AC: 27    Str: 26    XL:     14   Next: 42%
Magic:  14/14      EV: 19    Int: 16    God:    Trog [*****.]
Gold:   621        SH:  0    Dex: 12    Spells: 13/13 levels left

rFire    . . .     SeeInvis .   a - +2 great mace "Sinongadgh" {vorpal, Str+4 Int+7}
rCold    . . .     Faith    +   (shield currently unavailable)
rNeg     + . .     Spirit   .   B - +3 leather armour {Will+}
rPois    ∞         Reflect  .   p - +2 helmet
rElec    +         Harm     .   F - +0 cloak
rCorr    .         Rampage  .   H - +1 pair of gloves
Will     ++...                  k - +0 pair of boots
Stlth    ..........             K - amulet of faith
HPRegen  0.33/turn              x - +4 ring of evasion
MPRegen  0.14/turn              I - +4 ring of slaying

@: berserking, grasped by roots, flying, constricted, studying Maces & Flails,
very quick
A: big wings, negative energy resistance 1, electricity resistance, unbreathing,
petrification resistance, miasma immunity, AC +10
a: Stop Flying, Renounce Religion, Berserk, Trog's Hand, Brothers in Arms


You were on level 14 of the Dungeon.
You worshipped Trog.
Trog was extremely pleased with you.
You visited 1 branch of the dungeon, and saw 14 of its levels.
You also visited: Sewer, Bailey and Ice Cave.

You collected 1307 gold pieces.
You spent 686 gold pieces at shops.

Inventory:

Hand Weapons
 a - the +2 great mace "Sinongadgh" (weapon) {vorpal, Str+4 Int+7}
   (You bought it in a shop on level 13 of the Dungeon)

   It inflicts extra damage upon your enemies.
   It affects your strength (+4).
   It affects your intelligence (+7).
 b - a +2 antimagic dire flail
 o - the +5 war axe of Forced Transition {vorpal, Will- Int+6}
   (You found it in an ice cave)

   It inflicts extra damage upon your enemies.
   It affects your intelligence (+6).
   It affects your willpower, your defense against some magical effects.
 E - the +3 mace of Blood {venom, Int+4 Dex+5}
   (You found it on level 5 of the Dungeon)

   It poisons the flesh of those it strikes.
   It affects your intelligence (+4).
   It affects your dexterity (+5).
Armour
 k - a +0 pair of boots (worn)
 p - a +2 helmet (worn)
 B - a +3 leather armour of willpower (worn)
 F - a +0 cloak (worn)
 H - a +1 pair of gloves (worn)
Jewellery
 x - a +4 ring of evasion (left hand)
 D - an uncursed ring of protection from cold
 G - an uncursed ring of resist corrosion
 I - a +4 ring of slaying (right hand)
 K - an amulet of faith (around neck)
Wands
 n - a wand of digging (2)
 q - a wand of paralysis (16)
 y - a wand of flame (14)
 z - a wand of iceblast (12)
Scrolls
 c - 8 scrolls of blinking
 d - 7 scrolls of remove curse
 C - 4 scrolls of enchant armour
 J - a scroll of brand weapon
 M - 4 scrolls of enchant weapon
 N - 10 scrolls of teleportation
Potions
 e - 2 potions of cancellation
 f - 5 potions of magic
 g - 5 potions of heal wounds
 i - 2 potions of invisibility
 j - 2 potions of berserk rage
 l - 5 potions of ambrosia
 m - 3 potions of mutation
 r - 7 potions of curing
 s - 3 potions of resistance
 u - 3 potions of might
 v - 4 potions of flight
 w - 7 potions of haste
 A - 3 potions of attraction
Books
 h - a manual of Maces & Flails


   Skills:
 + Level 12.8 Fighting
 + Level 13.5 Maces & Flails
 + Level 12.6 Armour
 + Level 10.7 Dodging


You had 13 spell levels left.
You didn't know any spells.
Your spell library was empty.

Dungeon Overview and Level Annotations

Branches:
Dungeon (14/15)            Temple (0/1) D:6            Lair (0/6) D:8
    Orc (0/2) D:10         Vaults (0/5) D:13          Sewer (visited)
 Bailey (visited)           IceCv (visited)

Altars:
Ashenzari
Elyvilon
Fedhas

Shops:
D:4 :   D:12 }   D:13 *

Annotations:
D:12 1 runed translucent door
D:14 Jorgrun


Innate Abilities, Weirdness & Mutations

You are resistant to torment.
Your stone body is resilient. (AC +10)
You are immune to poison.
Your large and strong wings let you fly indefinitely.
You resist negative energy. (rN+)
You are resistant to electric shocks. (rElec)
You can survive without breathing.
You are immune to petrification.
You are immune to miasma.


Message History

Jorgrun points at you and mumbles some strange words.
Roots burst forth from the earth!
The grasping roots grab you! The grasping roots constrict you!
A red film seems to cover your vision as you go berserk!
You feel yourself moving faster!
You feel mighty! Jorgrun gestures at you while chanting.
The iron shot hits you!!
* * * LOW HITPOINT WARNING * * *
The grasping roots constrict you.
You closely miss Jorgrun.
Jorgrun points at you and mumbles some strange words.
You easily resist.
* * * LOW HITPOINT WARNING * * *
The grasping roots constrict you!
You barely miss Jorgrun. Jorgrun casts a spell at you.
The wall shatters!
The blast of rock fragments hits you but does no damage.
You die...

#. #.## #...
..##########
### #...
............
...#..#
#.###.#.###.
..##.#..#
#...........
.......g#
#.###.#.###.
$....Z.@#
#.###.#.###.
..##.##†#
#...(.......
#.#
#####.#.####
#.#########.#.#
#.............#
###########.#.#
#.#.# #.#.#
....#


You could see Jorgrun and a centaur warrior skeleton.

Vanquished Creatures
  Frances (D:14)
  Roxanne (D:14)
  An orc warlord (Bailey)
  Harold (D:9)
  A centaur warrior (D:13)
  2 two-headed ogres
  Nergalle (D:12)
  The ghost of PanSaczeczos the Geomancer, a novice FoEE of Hepliaklqana (D:6)
  2 unseen horrors (D:14)
  Pikel (D:5)
  5 ugly things
  5 cyclopes
  A centaur zombie (D:13)
  Psyche (D:9)
  4 ice statues
  2 gargoyles
  A komodo dragon (D:11)
  A polar bear (D:8)
  A troll (D:13)
  A dream sheep (shapeshifter) (D:13)
  Sigmund (D:5)
  A shadow (D:11)
  A wraith (D:12)
  4 water elementals (D:11)
  2 wyverns
  A basilisk (D:14)
  10 yaks
  2 steam dragons
  The ghost of groll the Conjurer, an amateur OpCj of Lugonu (D:4)
  An acid dragon (D:13)
  7 orc warriors
  2 black bears
  A hornet zombie (D:14)
  21 ice beasts
  A wolf (D:8)
  A necrophage (D:13)
  6 ogres
  3 centaurs
  A big kobold (D:9)
  5 bullfrogs
  5 scorpions
  4 killer bees (D:10)
  4 howler monkeys
  14 wights
  2 electric eels (D:8)
  2 bullfrog zombies
  5 hounds
  Crazy Yiuf (D:5)
  9 orc priests
  3 bullfrog skeletons
  5 centaur skeletons
  9 orc wizards
  A gnoll shaman (D:7)
  5 iguanas
  7 worker ants
  A killer bee zombie (D:8)
  2 hound zombies
  2 worker ant zombies (D:9)
  13 adders
  7 gnolls
  2 white imps (D:9)
  5 ufetubi
  4 oozes (Sewer)
  An adder skeleton (D:6)
  An adder zombie (D:7)
  6 worms
  2 dart slugs
  3 leopard geckos
  36 orcs
  9 bats
  9 giant cockroaches
  10 goblins
  7 hobgoblins
  7 jackals
  7 quokkas
  7 ball pythons
  A frilled lizard (D:2)
  25 kobolds
  6 rats
355 creatures vanquished.

Vanquished Creatures (others)
  2 fungi (D:8)
  11 plants
13 creatures vanquished.

Grand Total: 368 creatures vanquished

Notes
Turn   | Place    | Note
-------+----------+-------------------------------------------
     0 | D:1      | Borgoz the Gargoyle Berserker began the quest for the Orb.
     0 | D:1      | Reached XP level 1. HP: 14/14 MP: 1/1
   460 | D:1      | Reached XP level 2. HP: 15/19 MP: 2/2
  1335 | D:2      | Reached XP level 3. HP: 16/23 MP: 3/3
  2413 | D:2      | Reached XP level 4. HP: 21/29 MP: 4/4
  2680 | D:3      | Reached XP level 5. HP: 14/33 MP: 5/5
  3354 | D:4      | Found Lathiruz's Book Shop.
  3354 | D:4      | Noticed an ogre
  3363 | D:4      | Killed an ogre
  3364 | D:4      | Reached skill level 4 in Maces & Flails
  3364 | D:4      | Reached XP level 6. HP: 39/39 MP: 6/6
  3394 | D:4      | Found a runed translucent gate.
  3396 | D:4      | Found a runed translucent gate.
  3398 | D:4      | Found a runed translucent gate.
  3399 | D:4      | Noticed groll's ghost (amateur OpCj)
  3411 | D:4      | Reached ** piety under Trog
  3454 | D:4      | Found a glowing drain.
  3476 | Sewer    | Entered a sewer
  5055 | D:4      | Reached skill level 5 in Fighting
  5055 | D:4      | Reached XP level 7. HP: 44/44 MP: 7/7
  5565 | D:4      | Killed groll's ghost
  5566 | D:4      | Reached skill level 5 in Maces & Flails
  5695 | D:5      | Entered Level 5 of the Dungeon
  5953 | D:5      | Reached *** piety under Trog
  5987 | D:5      | Noticed Sigmund
  5997 | D:5      | Killed Sigmund
  5998 | D:5      | Reached skill level 5 in Armour
  5998 | D:5      | Reached XP level 8. HP: 51/51 MP: 8/8
  6255 | D:5      | Found a runed translucent door.
  6256 | D:5      | Noticed Crazy Yiuf
  6431 | D:5      | Killed Crazy Yiuf
  6436 | D:5      | Got an ichor-stained mace
  6451 | D:5      | Identified the cursed +3 mace of Blood {venom, Int+4 Dex+5}
                  | (You found it on level 5 of the Dungeon)
  6545 | D:5      | Noticed Pikel
  6556 | D:5      | Killed Pikel
  6557 | D:5      | Reached skill level 6 in Maces & Flails
  6913 | D:6      | Found a runed translucent door.
  6913 | D:6      | Noticed PanSaczeczos's ghost (novice FoEE)
  6988 | D:6      | Reached XP level 9. HP: 56/56 MP: 9/9
  6989 | D:6      | Found a staircase to the Ecumenical Temple.
  7228 | D:6      | Reached skill level 5 in Dodging
  7874 | D:6      | Killed PanSaczeczos's ghost
  7875 | D:6      | Reached skill level 7 in Maces & Flails
  8683 | D:8      | Found a staircase to the Lair.
  8701 | D:8      | Reached XP level 10. HP: 62/64 MP: 10/10
  8951 | D:8      | Noticed a two-headed ogre
  8968 | D:8      | Killed a two-headed ogre
  8969 | D:8      | Reached skill level 8 in Maces & Flails
  9019 | D:8      | Reached **** piety under Trog
  9672 | D:9      | Noticed Harold
  9689 | D:9      | Killed Harold
 10018 | D:9      | Reached XP level 11. HP: 71/71 MP: 11/11
 10221 | D:9      | Reached skill level 9 in Maces & Flails
 10263 | D:9      | Found a broken altar of Ashenzari.
 10431 | D:9      | Noticed Psyche
 10443 | D:9      | Killed Psyche
 10688 | D:10     | Entered Level 10 of the Dungeon
 10882 | D:10     | Found a flagged portal.
 10893 | Bailey   | Entered a bailey
 10898 | Bailey   | Noticed an orc warlord
 10977 | Bailey   | Reached skill level 10 in Fighting
 11013 | Bailey   | Found a runed translucent gate.
 11016 | Bailey   | Found a runed translucent gate.
 11018 | Bailey   | Found a runed translucent gate.
 11108 | Bailey   | Reached ***** piety under Trog
 11153 | Bailey   | Killed an orc warlord
 11187 | Bailey   | Reached skill level 10 in Maces & Flails
 11187 | Bailey   | Reached skill level 10 in Armour
 11187 | Bailey   | Reached XP level 12. HP: 54/79 MP: 12/12
 11188 | Bailey   | Reached skill level 11 in Maces & Flails
 11188 | Bailey   | Reached XP level 13. HP: 57/84 MP: 13/13
 11455 | D:10     | Found a staircase to the Orcish Mines.
 11946 | D:11     | Found a frozen archway.
 12017 | IceCv    | Entered an ice cave
 12078 | IceCv    | Identified a scroll of acquirement
 12079 | IceCv    | Acquired a manual of Maces & Flails
 12148 | IceCv    | Got a shimmering war axe
 12401 | IceCv    | Reached skill level 12 in Maces & Flails
 12916 | D:11     | Reached skill level 10 in Dodging
 13600 | D:12     | Found Nyunwi's Gadget Shop.
 13687 | D:12     | Found a white marble altar of Elyvilon.
 13687 | D:12     | Found a runed translucent door.
 13687 | D:12     | Noticed an angel
 14251 | D:12     | Noticed Nergalle
 14259 | D:12     | Killed Nergalle
 14260 | D:12     | Gained mutation: Your large and strong wings let you fly
                  | indefinitely. [Gargoyle growth]
 14260 | D:12     | Reached XP level 14. HP: 92/92 MP: 14/14
 14481 | D:13     | Found Udoxkumis's Assorted Antiques.
 14495 | D:13     | Bought a pitted great mace for 322 gold pieces
 14495 | D:13     | Bought a scroll of identify for 56 gold pieces
 14495 | D:13     | Bought a scroll of identify for 56 gold pieces
 14495 | D:13     | Bought a scroll labelled LEANOU HIZAKHO for 28 gold pieces
 14495 | D:13     | Bought a scroll of teleportation for 84 gold pieces
 14495 | D:13     | Bought a potion of heal wounds for 140 gold pieces
 14495 | D:13     | Identified the +2 great mace "Sinongadgh" {vorpal, Str+4
                  | Int+7} (You bought it in a shop on level 13 of the Dungeon)
 14496 | D:13     | Identified the +5 war axe of Forced Transition {vorpal,
                  | Will- Int+6} (You found it in an ice cave)
 14661 | D:13     | Received a gift from Trog
 14901 | D:13     | Found a blossoming altar of Fedhas.
 15100 | D:13     | Found a gate to the Vaults.
 15219 | D:13     | Reached skill level 13 in Maces & Flails
 15497 | D:14     | Identified Roxanne's Handbook of the Rocks
 15497 | D:14     | Noticed Roxanne
 15771 | D:14     | Killed Roxanne
 16088 | D:14     | Noticed Frances
 16096 | D:14     | Killed Frances
 16325 | D:14     | Noticed Jorgrun
 16336 | D:14     | Mangled by Jorgrun

Illustrated notes

Levels and vault maps discovered:
D:1:      minmay_arrival_arboretum_small, layout_basic
D:2:      layout_loops_corners
D:3:      layout_rooms
D:4:      layout_gridville, gup_sewer_entry_bowl, gammafunk_ghost_split,
          serial_shops, nicolae_shop_stone
D:5:      layout_cave_pods, hangedman_abyss_or_decor_stagger,
          uniq_crazy_yiuf_cottage, uniq_sigmund, uniq_pikel
D:6:      layout_loops_ring, minmay_temple_entry_waves, gammafunk_ghost_grave
D:7:      layout_rooms
D:8:      layout_loops_ring, dpeg_oklobed_lair, serial_ice, serial_ice_l,
          serial_ice_h, serial_ice_c, serial_ice_a, serial_bayou_pond_c,
          kennysheep_doodads
D:9:      layout_irregular_city, kennysheep_little_box, uniq_harold, uniq_psyche
D:10:     layout_layer_cave, orc_0_dummy, enter_bailey_2, eino_tiny_chamber
D:11:     layout_long_grid, portal_ice_cave_entry_ice_beasts,
          nicolae_underground_beach
D:12:     lemuel_ice_statue, layout_basic, serial_shops, shop,
          lemuel_angel_altar, uniq_nergalle
D:13:     layout_stronghold, david_vaults_4, serial_shops, shop, fedhas_altar_3
D:14:     layout_loops_ring, serial_shops, shop_fountains,
          infiniplex_staircase_pillars_2, uniq_louise, uniq_frances,
          uniq_jorgrun, uniq_roxanne

Skill      XL: |  1  2  3  4  5  6  7  8  9 10 11 12 13 14 |
---------------+-------------------------------------------+-----
Dodging        | 2 3 4 5 7 8 9 10 | 10.7
Armour         | 3 4 5 6 7 9 10 11 12 | 12.6
Fighting       | 4 5 6 8 9 10 11 12 | 12.8
Maces & Flails | 4 5 6 7 8 10 11 12 13 | 13.5

Action                   |  1- 3 |  4- 6 |  7- 9 | 10-12 | 13-15 || total
-------------------------+-------+-------+-------+-------+-------++-------
Melee: Mace              |   119 |   212 |   266 |   386 |   399 ||  1382
       Great mace        |       |       |       |       |   129 ||   129
Invok: Berserk           |     2 |     8 |     7 |     4 |     8 ||    29
       Trog's Hand       |       |       |     1 |     1 |     1 ||     3
 Abil: Fly               |       |       |       |       |     1 ||     1
  Use: Scroll            |     1 |     7 |     1 |     7 |    11 ||    27
       Potion            |       |     2 |       |     5 |     1 ||     8
 Stab: Sleeping          |     1 |       |       |       |       ||     1
       Invisible         |       |     2 |       |     3 |       ||     5
Armor: Animal skin       |    38 |       |       |       |       ||    38
       Ring mail         |    27 |   112 |   114 |   148 |   167 ||   568
       Leather armour    |       |       |       |       |     9 ||     9
Dodge: Dodged            |    87 |   203 |   241 |   485 |   417 ||  1433
